 Dungeon Crawl Stone Soup version 0.27-a0-1185-ga233589e6f (webtiles) character file.

Game seed: 12364238492153137709

9 EnegeticOcto the Sneak (level 2, -1/16 HPs)
             Began as a Spriggan Delver on May 19, 2021.
             Killed from afar by Sigmund (6 damage)
             ... with a magic dart
             ... on level 5 of the Dungeon.
             The game lasted 00:00:55 (110 turns).

EnegeticOcto the Sneak (Spriggan Delver)             Turns: 110, Time: 00:00:55

Health: -1/16      AC:  2    Str:  8    XL:     2   Next: 3%
Magic:  3/3        EV: 17    Int: 11    God:
Gold:   0          SH:  0    Dex: 16    Spells: 1/1 levels left

rFire    . . .     SeeInvis +   a - +0 short sword
rCold    . . .     Faith    .   (shield restricted)
rNeg     . . .     Spirit   .   b - +0 robe
rPois    .         Reflect  .   (helmet restricted)
rElec    .         Harm     .   (no cloak)
rCorr    .         Rampage  .   (gloves unavailable)
Will     .....                  (boots unavailable)
Stlth    ++++......             (no amulet)
HPRegen  0.05/turn              (no ring)
MPRegen  0.08/turn              (no ring)

@: very quick
A: very small, no large weapons, unfitting armour, see invisible, speed 3
a: no special abilities


You were on level 5 of the Dungeon.
You visited 1 branch of the dungeon, and saw 1 of its levels.

Inventory:

Hand Weapons
 a - a +0 short sword (weapon)
Missiles
 i - 2 boomerangs (quivered)
Armour
 b - a +0 robe (worn)
Wands
 g - a wand of digging (3) {@v3}
Scrolls
 c - a scroll of fog {!r}
 d - a scroll of magic mapping {@r5 !r}
 e - a scroll of fear {!r}
Potions
 f - a potion of haste {@q4 !q}
 h - a potion of brilliance


   Skills:
 - Level 2.4 Fighting
 + Level 3.1 Short Blades
 - Level 2.6 Dodging
 - Level 7.2 Stealth


You had one spell level left.
You didn't know any spells.
Your spell library was empty.

Dungeon Overview and Level Annotations

Branches:
Dungeon (5/15)
 Temple: D:4-7

Altars:

Annotations:
D:5 Sigmund


Innate Abilities, Weirdness & Mutations

You are very small and have problems with some larger weapons.
You are too small for most types of armour.
You have supernaturally acute eyesight. (SInv)
You cover ground extremely quickly. (Speed+++)


Message History

You hear the hiss of flowing sand.
There is an entrance to an ossuary on this level.
Hurry and find it before the portal is buried!
Welcome, EnegeticOcto the Spriggan Delver.
The bosom of this dungeon contains the legendary artefact, the Orb of Zot.
Press ? for a list of commands and other information.
Found 10 stones.
Found an escape hatch in the floor.
Found a stone staircase leading down.
You open the door.
Found a cyan potion.
There is an open door here.
h - a cyan potion A gnoll comes into view.
It is wielding a +0 flail.
Found a stone staircase leading down.
A gnoll comes into view. It is wielding a +0 halberd.
The gnoll shouts!
You hear a shout! x2
You open the door.
A gnoll comes into view. It is wielding a +0 flail.
Found 2 boomerangs.
There is an open door here.
An orc comes into view. It is wielding a +0 falchion.
You see here 2 boomerangs.
i - 2 boomerangs The orc shouts!
An adder comes into view.
The helpless adder fails to defend itself.
You impale the adder!!
You kill the adder!
Your Short Blades skill increases to level 3!
You have reached level 2!
You see here an adder corpse.
You open the door. You open the door.
There is an open door here.
You open the door.
A scorpion comes into view.
Found a ring mail.
Found a stone staircase leading down.
There is an open door here.
Found a quarterstaff.
Found a scroll labelled DOAREI NAMNUTI.
You hear the slow hiss of a very distant avalanche of sand.
j - a scroll labelled DOAREI NAMNUTI 2 gnolls come into view.
Sigmund the Dreaded comes into view.
He is wielding a +0 scythe and wearing a +2 robe of cold resistance.
Found 16 gold pieces.
Sigmund shouts!
As you read the scroll labelled DOAREI NAMNUTI, it crumbles to dust.
It is a scroll of identify.
h - a potion of brilliance Sigmund hits you from afar with a +0 scythe!
Ouch! That really hurt!
Sigmund gestures at you while chanting. The magic dart hits you.
You die...

#...##..........
#+####...#...........
#........#...........
#........#........##.
#...##...##.......# #
#...##...##.........
#.................gg.
#....................
#..@@........
#...##..$#..#
#...###### #....#
#....# #....# #....#
#....# #...##


You could see Sigmund.

Vanquished Creatures
  An adder (D:5)
1 creature vanquished.

Notes
Turn   | Place    | Note
-------+----------+-------------------------------------------
     0 | D:5      | EnegeticOcto the Spriggan Delver began the quest for the
                  | Orb.
     0 | D:5      | Reached XP level 1. HP: 11/11 MP: 2/2
    49 | D:5      | Reached skill level 3 in Short Blades
    49 | D:5      | Reached XP level 2. HP: 16/16 MP: 3/3
    67 | D:5      | Noticed a scorpion
    90 | D:5      | Noticed Sigmund
   110 | D:5      | Killed from afar by Sigmund

Illustrated notes

Levels and vault maps discovered:
D:5:      layout_gridville, lightli_ossuary_entry_decrepit_ruins, uniq_sigmund

Skill      XL: |  1 |
---------------+----+-----
Short Blades   | 3 |  3.1
Fighting       | |  2.4
Dodging        | |  2.6
Stealth        | |  7.2

Action                   || total
-------------------------++-------
Melee: Short sword       ||     1
  Use: Scroll            ||     1
 Stab: Sleeping          ||     1

Table legend: (Time is in decaauts)
 A = Elapsed time spent in this place.
 B = Non-inter-level travel time spent in this place.
 C = Inter-level travel time spent in this place.
 D = Time resting spent in this place.
 E = Time spent auto-exploring this place.
 F = Levels seen in this place.
 G = Mean time per level.
                   A        B        C        D        E       F      G
               +--------+--------+--------+--------+--------+-----+--------+
         Total |     71 |     71 |      0 |      0 |      0 |   1 |   71.0 |
       Dungeon |     71 |     71 |      0 |      0 |      0 |   1 |   71.0 |
               +--------+--------+--------+--------+--------+-----+--------+

Top non-repeatable levels by time:
     D:5: 71 daAuts
